 Dungeon Crawl Stone Soup version 0.32-a0-520-g344ed53f66 (webtiles) character file.

Game seed: 14697548102097412716

42 pokeman the Magician (level 3, 0/20 HPs)
             Began as a Deep Elf Hedge Wizard on Feb 28, 2024.
             Killed by miscasting Mephitic Cloud (6 damage)
             ... on level 2 of the Dungeon.
             The game lasted 00:02:21 (1749 turns).

pokeman the Magician (Deep Elf Hedge Wizard)        Turns: 1749, Time: 00:02:21

Health: 0/20       AC:  3    Str:  7    XL:     3   Next: 33%
Magic:  0/11       EV: 11    Int: 20    God:
Gold:   36         SH:  0    Dex: 14    Spells: 4/12 levels left

rFire   + . .        b - +1 dagger (freeze)
rCold   . . .        (no shield)
rNeg    . . .        j - +0 leather armour {rF+}
rPois   .            c - +0 hat
rElec   .            (no cloak)
rCorr   .            (no gloves)
SInv    .            (no boots)
Will    .....        (no amulet)
Stlth   ++           (no ring)
HPRegen 0.23/turn    (no ring)
MPRegen 0.12/turn

%: no passive effects
@: lethally poisoned (0 -> -1), very slightly contaminated
A: no striking features
a: no special abilities


You were on level 2 of the Dungeon.
You visited 1 branch of the dungeon, and saw 2 of its levels.

You collected 36 gold pieces.

Inventory:

Hand Weapons
 b - a +1 dagger of freezing (weapon)
Armour
 c - a +0 hat (worn)
 j - a +0 leather armour of fire resistance (worn)
Jewellery
 g - a ring of positive energy
Scrolls
 e - 3 scrolls of amnesia {unknown}
 h - a scroll of enchant weapon {unknown}
 k - a scroll of poison {unknown}
Potions
 a - a potion of enlightenment {unknown}
 d - a potion of magic
 f - a potion of brilliance {unknown}
 i - a potion of might {unknown}


   Skills:
 + Level 0.9 Fighting
 + Level 0.9 Armour
 - Level 2.4 Dodging
 - Level 2.4 Stealth
 * Level 5.2 Spellcasting
 + Level 1.8 Conjurations
 - Level 1.1 Summonings
 - Level 1.1 Translocations


You had 4 spell levels left.
You knew the following spells:

 Your Spells              Type           Power      Damage    Failure   Level
a - Magic Dart            Conj           48%        1d5       8%          1
b - Mephitic Cloud        Conj/Alch/Air  7%         N/A       36%         3
c - Call Imp              Summ           18%        N/A       16%         2
d - Blink                 Tloc           18%        N/A       16%         2

Your spell library contained the following spells:

 Spells                   Type           Power      Damage    Failure   Level
 Slow                     Hex            20%        N/A       17%         1
 Cigotuvi's Dreadful Rot  Necr/Alch/Air  10%        N/A       26%         2


Dungeon Overview and Level Annotations

Branches:
Dungeon (2/15)

Altars:


Message History

Aim: a ribbon worm (chance to affect: 81%)
You miscast Mephitic Cloud.
You are very lightly contaminated with residual magic.
Nothing appears to happen.
The adder bites you.
Casting: Mephitic Cloud (astonishingly dangerous; 36% risk of failure)
Confirm with . or Enter, or press ? or * to list all spells.
Aiming: Mephitic Cloud (astonishingly dangerous; 36% risk of failure)
Press: ? - help, Shift-Dir - straight line, f/p - ribbon worm
Aim: a ribbon worm (chance to affect: 81%)
You miscast Mephitic Cloud.
Nothing appears to happen.
The adder closely misses you. The adder barely misses you.
Casting: Mephitic Cloud (astonishingly dangerous; 36% risk of failure)
Confirm with . or Enter, or press ? or * to list all spells.
Aiming: Mephitic Cloud (astonishingly dangerous; 36% risk of failure)
Press: ? - help, Shift-Dir - straight line, f/p - ribbon worm
Aim: a ribbon worm (chance to affect: 81%)
You miscast Mephitic Cloud.
Nothing appears to happen.
The adder bites you.
You barely miss the adder. The adder bites you.
You miss the adder. The adder misses you. The adder completely misses you.
You completely miss the adder. The adder barely misses you.
You hit the adder but do no damage. The adder bites you.
You are poisoned.
The adder poisons you!
You miss the adder.
You feel sick. The adder bites you.
You hit the adder.
The adder seems to slow down.
You freeze the adder.
The adder is severely wounded.
You feel sick. The adder bites you.
You closely miss the adder.
The adder is severely wounded.
You feel sick. The adder barely misses you.
You closely miss the adder.
The adder is severely wounded.
You feel sick.
The adder is no longer moving slowly.
The adder misses you.
Casting: Mephitic Cloud (astonishingly dangerous; 36% risk of failure)
Confirm with . or Enter, or press ? or * to list all spells.
Aiming: Mephitic Cloud (astonishingly dangerous; 36% risk of failure)
Press: ? - help, Shift-Dir - straight line, f/p - ribbon worm
Aim: a ribbon worm (chance to affect: 81%)
You miscast Mephitic Cloud.
Sparks of electricity dance around you.
You die...

#. ... ... .# ...
.. ....... ###.#.#.
...... ##.#.####
#...w...#
......#S##.# #####
#@##.#####+
#.#........ #
#.#........
#.#..........
#.###).......... #
#........#.#.#.#
#.#.#.###..#.#.....
#...#.###<.#....>.#
###.....#.........#


You could see a ribbon worm and an adder.

Vanquished Creatures
  An adder (D:2)
  2 ball pythons (D:1)
  A bat (D:1)
  4 endoplasms
  A giant cockroach (D:1)
  5 goblins
  2 hobgoblins (D:1)
  2 jackals (D:1)
  A kobold (D:2)
  A quokka (D:1)
  4 frilled lizards (D:1)
  5 rats
29 creatures vanquished.

Notes
Turn   | Place    | Note
-------+----------+-------------------------------------------
     0 | D:1      | pokeman the Deep Elf Hedge Wizard began the quest for the
                  | Orb.
     0 | D:1      | Reached XP level 1. HP: 10/10 MP: 7/7
   433 | D:1      | Reached XP level 2. HP: 16/16 MP: 7/9
   923 | D:1      | Reached skill level 5 in Spellcasting
  1564 | D:2      | Reached XP level 3. HP: 18/20 MP: 4/11
  1568 | D:2      | Learned a level 3 spell: Mephitic Cloud
  1571 | D:2      | Learned a level 2 spell: Call Imp
  1574 | D:2      | Learned a level 2 spell: Blink
  1749 | D:2      | Killed by miscasting Mephitic Cloud

Illustrated notes

Levels and vault maps discovered:
D:1:      minmay_arrival_split_and_join, layout_loops_corners,
          chequers_serial_rivers_micro_b
D:2:      layout_basic

Skill      XL: |  1  2 |
---------------+-------+-----
Spellcasting   | 5 |  5.2
Fighting       | |  0.9
Armour         | |  0.9
Dodging        | |  2.4
Stealth        | |  2.4
Conjurations   | |  1.8
Summonings     | |  1.1
Translocations | |  1.1

Action                     || total
---------------------------++-------
  Melee: Dagger            ||     9
   Cast: Magic Dart        ||    71
 Armour: Robe              ||     4
         Leather armour    ||     8
  Dodge: Dodged            ||    20

Table legend: (Time is in decaauts)
 A = Elapsed time spent in this place.
 B = Non-inter-level travel time spent in this place.
 C = Inter-level travel time spent in this place.
 D = Time resting spent in this place.
 E = Time spent auto-exploring this place.
 F = Levels seen in this place.
 G = Mean time per level.
                   A        B        C        D        E       F      G
               +--------+--------+--------+--------+--------+-----+--------+
         Total |   1748 |   1710 |     38 |      0 |   1547 |   2 |  874.0 |
       Dungeon |   1748 |   1710 |     38 |      0 |   1547 |   2 |  874.0 |
               +--------+--------+--------+--------+--------+-----+--------+

Top non-repeatable levels by time:
     D:1: 1514 daAuts
     D:2: 234 daAuts
